 Dungeon Crawl Stone Soup version 0.26-a0-1205-g4083c211ab (webtiles) character file.

Game seed: 5348825241150071790

56 CurlyBrace the Sneak (level 3, -4/17 HPs)
             Began as a Felid Delver on Dec 29, 2020.
             Slain by a worm (12 damage)
             ... on level 4 of the Dungeon.
             The game lasted 00:01:53 (100 turns).

CurlyBrace the Sneak (Felid Delver)                  Turns: 100, Time: 00:01:53

Health: -4/17      AC:  1    Str:  8    XL:     3   Next: 71%
Magic:  4/4        EV: 18    Int: 12    God:
Gold:   0          SH:  0    Dex: 17    Spells: 2/2 levels left
                                        Lives:  0   Deaths: 0

rFire    . . .     SeeInvis +     - Unarmed
rCold    . . .     Faith    .   (shield unavailable)
rNeg     . . .     Spirit   .   (armour unavailable)
rPois    .         Reflect  .   (helmet unavailable)
rElec    .         Harm     .   (cloak unavailable)
rCorr    .         Rampage  .   (gloves unavailable)
Will     .....                  (boots unavailable)
Stlth    ++++......             (no amulet)
HPRegen  0.05/turn              (no ring)
MPRegen  0.09/turn              (no ring)

@: attractive, hasted, very quick
A: very small, no armour, no weapons or thrown items, stealth, claws 1, fangs 3,
see invisible, speed 1, shaggy fur 1, sharp paws
a: no special abilities


You were on level 4 of the Dungeon.
You visited 1 branch of the dungeon, and saw 3 of its levels.

Inventory:

Wands
 e - a wand of digging (3)
Scrolls
 a - a scroll of fog
 c - a scroll of fear


   Skills:
 * Level 3.2 Fighting
 + Level 3.2 Dodging
 - Level 7.0 Stealth
 * Level 3.2 Unarmed Combat


You had 2 spell levels left.
You didn't know any spells.
Your spell library was empty.

Dungeon Overview and Level Annotations

Branches:
Dungeon (6/15)             Temple (0/1) D:4

Altars:
The Shining One


Innate Abilities, Weirdness & Mutations

You cannot wear armour.
You are incapable of wielding weapons or throwing items.
Your paws allow you to move quietly. (Stealth)
You have sharp claws.
You have razor-sharp teeth.
You have supernaturally acute eyesight. (SInv)
You cover ground quickly.
You are covered in fur. (AC +1)
Your sharp claws are effective at attacking unaware monsters.


Message History

You enter the shallow water.
Moving in this stuff is going to be slow.
The leopard gecko hisses angrily. x2
There is an open door here.
You scratch the giant cockroach.
You kill the giant cockroach!
You scratch the leopard gecko but do no damage.
You hear the slow rusting of a drain nearby.
You scratch the leopard gecko but do no damage.
You scratch the leopard gecko.
You kill the leopard gecko!
There is an open door here.
You see here a leopard gecko corpse.
You scratch the leopard gecko.
You kill the leopard gecko!
It was a potion of attraction.
You feel attractive to monsters. The worm bites you!
Ouch! That really hurt!
You die...

*** .,*###############
..,,.............#
#.##*#...........########***
....*#.#.................,,*
.....#.#........†.#*##,***,**
.....#.#........@##≈≈###≈*,,*
._..........###.#w≈≈≈≈≈+≈*,,*
.....#......#...#≈≈≈≈≈≈+∩*,,*
...,,#......#...+##≈≈###≈*,,*
.,,,*#......#.....####.###.,*
*,***#......#...............*
......†.....#...............*
............#...##..........*
#.........###...##........#**


You could see a worm.

Vanquished Creatures
  An iguana (D:4)
  A worker ant (D:4)
  2 leopard geckos (D:4)
  An orc (D:6)
  A giant cockroach (D:4)
  A quokka (D:6)
7 creatures vanquished.

Notes
Turn   | Place    | Note
-------+----------+-------------------------------------------
     0 | D:5      | CurlyBrace the Felid Delver began the quest for the Orb.
     0 | D:5      | Reached XP level 1. HP: 10/10 MP: 2/2
    41 | D:4      | Noticed an iguana
    47 | D:4      | Noticed a worker ant
    49 | D:4      | Killed an iguana
    50 | D:4      | Reached skill level 7 in Stealth
    50 | D:4      | Reached XP level 2. HP: 14/14 MP: 3/3
    50 | D:4      | Reached XP level 3. HP: 17/17 MP: 4/4
    52 | D:4      | Found a glowing golden altar of the Shining One.
   100 | D:4      | Slain by a worm

Illustrated notes

Levels and vault maps discovered:
D:4:      layout_gridville, old_standard_altar, minitemple,
          minmay_temple_entry_statues, gup_sewer_entry_bowl, serial_shops, shop
D:5:      layout_basic, grunt_temple_overflow_diamond
D:6:      layout_loops_ring, nicolae_ru_great_annihilating_truth,
          kennysheep_mini, okawaru_altar_gauntlet_db

Skill      XL: |  1 |
---------------+----+-----
Dodging        | 3 |  3.2
Stealth        | 7 |  7.0
Unarmed Combat | 3 |  3.2
Fighting       | |  3.2

Action                   || total
-------------------------++-------
Melee: Unarmed           ||    30
       Bite              ||     6
  Use: Scroll            ||     1
       Potion            ||     2
 Stab: Sleeping          ||     2
Dodge: Dodged            ||    15

Table legend: (Time is in decaauts)
 A = Elapsed time spent in this place.
 B = Non-inter-level travel time spent in this place.
 C = Inter-level travel time spent in this place.
 D = Time resting spent in this place.
 E = Time spent auto-exploring this place.
 F = Levels seen in this place.
 G = Mean time per level.
                   A        B        C        D        E       F      G
               +--------+--------+--------+--------+--------+-----+--------+
         Total |     77 |     77 |      0 |      0 |      0 |   3 |   25.7 |
       Dungeon |     77 |     77 |      0 |      0 |      0 |   3 |   25.7 |
               +--------+--------+--------+--------+--------+-----+--------+

Top non-repeatable levels by time:
     D:4: 57 daAuts
     D:6: 11 daAuts
     D:5: 9 daAuts
